 Dungeon Crawl Stone Soup version bcrawl-1.27.3 (webtiles) character file.

Game seed: 7275557634182710478

99834 Freyura the Cudgeler (level 4, -1/38 HPs)
             Began as a Sand Dwarf Gladiator on Aug 5, 2020.
             Shot with an arrow by a centaur (13 damage)
             ... on level 3 of the Dungeon.
             The game lasted 00:03:23 (2062 turns).

Freyura the Cudgeler (Sand Dwarf Gladiator)         Turns: 2062, Time: 00:03:23

Health: -1/38      AC:  7    Str: 19    XL:     4   Next: 1%
Magic:  4/4        EV: 14    Int: 14    God:
Gold:   70         SH:  0    Dex: 13    Spells: 3/3 levels left

rFire    . . .     SeeInvis .   i - +1 whip (elec)
rCold    . . .     Gourm    .   (shield restricted)
rNeg     . . .     Faith    .   j - +0 ring mail
rPois    .         Spirit   .   c - +0 helmet
rElec    .         Reflect  .   k - +0 cloak (curse)
rCorr    .         Harm     .   (no gloves)
MR       .....                  (no boots)
Stlth    +.........             (no amulet)
HPRegen  0.12/turn              g - +6 ring of intelligence
MPRegen  0.09/turn              (no ring)

@: slow
A: small, slowness 1, armour attunement
a: no special abilities


You were on level 3 of the Dungeon.
You were not hungry.

You visited 1 branch of the dungeon, and saw 3 of its levels.

You collected 70 gold pieces.

Inventory:

Hand Weapons
 a - a +0 flail
 i - a +1 whip of electrocution (weapon)
Missiles
 d - 3 throwing nets {=f}
Armour
 c - a +0 helmet (worn)
 j - a +0 ring mail (worn)
 k - a cursed +0 cloak (worn)
Jewellery
 g - a +6 ring of intelligence (left hand)
 h - a +6 ring of intelligence
Scrolls
 q - 2 scrolls of remove curse
Potions
 f - 2 potions of agility {unknown}
 l - 2 potions of curing {unknown}
 m - a potion of cancellation {unknown}
 n - 2 potions of degeneration {unknown}
 o - a potion of lignification {unknown}
 p - 2 potions of berserk rage {unknown}
Comestibles
 b - a chunk of flesh
 e - 3 rations {!d}


   Skills:
 + Level 3.2 Fighting
 * Level 5.8 Maces & Flails
 - Level 2.0 Throwing
 + Level 1.8 Armour
 - Level 2.4 Dodging


You had 3 spell levels left.
You didn't know any spells.
Your spell library was empty.

Dungeon Overview and Level Annotations

Branches:
Dungeon (3/12)

Altars:


Innate Abilities, Weirdness & Mutations

You are small and have problems with some larger weapons.
You cover ground slowly.
Armour does not affect your spellcasting.


Message History

You are too injured to fight recklessly!
You are too injured to fight recklessly!
You are too injured to fight recklessly!
You are too injured to fight recklessly!
You are too injured to fight recklessly!
You are too injured to fight recklessly!
You are too injured to fight recklessly!
You are too injured to fight recklessly!
You hit the worm. Lightning courses through the worm!
The worm is almost dead.
The centaur shoots an arrow.
The arrow completely misses you.
You hit the worm.
You kill the worm!
You have reached level 4!
You feel stronger.
The centaur shoots an arrow.
The arrow hits you!
The centaur shoots an arrow.
The arrow barely misses you.
The centaur shoots an arrow.
The arrow misses you.
The centaur shoots an arrow.
The arrow hits you!
You die...

.....#.#.#......#
..##.#.#.#......# ..#
#.#........#
.....#.........## #
.###.#.....#)..#######.#
.# ##.####.........)..
#.####..........##
#................#
#####...#.@..c...#
#.............
#..#########.# #.... #
#.## #.


You could see a centaur.

Vanquished Creatures
  2 worms
  4 leopard geckos
  2 orcs
  4 giant cockroaches
  2 goblins
  5 hobgoblins
  3 jackals (D:2)
  4 kobolds
  A quokka (D:2)
  A ball python (D:2)
  8 bats
  4 frilled lizards (D:1)
  3 rats (D:2)
43 creatures vanquished.

Notes
Turn   | Place    | Note
-------+----------+-------------------------------------------
     0 | D:1      | Freyura the Sand Dwarf Gladiator began the quest for the
                  | Orb.
     0 | D:1      | Reached XP level 1. HP: 18/18 MP: 1/1
   221 | D:1      | Reached XP level 2. HP: 25/25 MP: 2/2
   354 | D:1      | Reached skill level 5 in Maces & Flails
   380 | D:1      | Reached skill level 1 in Armour
   920 | D:2      | Reached XP level 3. HP: 30/30 MP: 3/3
  2056 | D:3      | Noticed a centaur
  2060 | D:3      | Reached XP level 4. HP: 21/38 MP: 4/4
  2062 | D:3      | Shot with an arrow by a centaur

Skill      XL: |  1  2  3 |
---------------+----------+-----
Maces & Flails | 5 |  5.8
Armour         | 1 |  1.8
Fighting       | 3 |  3.2
Throwing       | |  2.0
Dodging        | |  2.4

Action                   |  1- 3 |  4- 6 || total
-------------------------+-------+-------++-------
Melee: Flail             |     9 |       ||     9
       Whip              |   103 |       ||   103
  Use: Scroll            |     2 |       ||     2
  Eat: Chunk             |     7 |       ||     7
Armor: Leather armour    |     3 |       ||     3
       Ring mail         |    27 |       ||    27
Dodge: Dodged            |    99 |     2 ||   101
